AoeStats
← hwdelves

Arena

509852189Analyzed
2v2 RM · 3d ago on Sep 28, 2026· 82m 52s· 4 players
Game mode
Random Map
Map size
Medium (4 player)
Population
200
Speed
Normal
Resources
Standard
Victory
Conquest
Starting age
Dark Age
Ending age
Imperial Age
RankedLock teamsTeams togetherTeam positionsShared explorationLock speedFull tech treeHidden civsTurbo modeCheats
Victory
Defeat
🇪🇸 Celts · Spain
655
+18
🇬🇧 Saxons · United Kingdom
614
+19
🇦🇺 Turks · Australia
714
-19
🇦🇺 Mongols · Australia
671
-18
[ART] Amnesia
9:51 Feudal Age
10:27 Double-Bit Axe
10:24 Horse Collar
12:55 Man-at-Arms
13:24 Loom
16:44 Wheelbarrow
21:53 Castle Age
22:06 Arson
22:47 Long Swordsman
23:13 Gambesons
23:29 Squires
25:10 Stone Mining
25:54 Forging
25:46 Scale Mail Armor
26:39 Pikeman
32:30 Hand Cart
35:43 Gold Mining
40:44 Imperial Age
41:33 Two-Handed Swordsman
41:34 Elite Varangian Guard
43:36 Iron Casting
43:17 Chain Mail Armor
44:43 Conscription
46:24 Bloodlines
46:16 Husbandry
50:07 Hoardings
49:47 Town Watch
50:07 Heavy Plow
50:46 Gold Shaft Mining
51:39 Cavalier
53:52 Elite Skirmisher
54:39 Thumb Ring
54:18 Shield Wall
55:49 Light Cavalry
65:36 Halberdier
78:28 Caravan
ekansdilos_
0:31 Loom
10:58 Feudal Age
12:20 Wheelbarrow
11:30 Town Watch
11:34 Double-Bit Axe
20:58 Castle Age
23:19 Stone Mining
23:19 Gold Mining
23:26 Gold Mining
23:43 Arson
23:20 Pikeman
23:56 Fletching
24:07 Scale Mail Armor
24:18 Forging
29:04 Gold Shaft Mining
28:19 Stone Mining
30:09 Gambesons
33:01 Husbandry
36:01 Bow Saw
36:28 Stone Shaft Mining
36:15 Hand Cart
36:01 Town Patrol
37:13 Horse Collar
39:20 Heavy Plow
42:44 Imperial Age
41:34 Stronghold
43:03 Caravan
43:58 Conscription
44:05 Furor Celtica
45:03 Cavalier
45:04 Light Cavalry
45:08 Halberdier
48:14 Capped Ram
48:21 Elite Woad Raider
49:16 Heavy Scorpion
49:20 Siege Ram
50:59 Hoardings
50:55 Murder Holes
50:46 Arrowslits
51:23 Ballistics
55:21 Paladin
56:49 Iron Casting
56:29 Chain Mail Armor
59:13 Chemistry
58:24 Fortified Wall
58:05 Guard Tower
63:04 Sanctity
62:55 Fervor
67:19 Hussar
70:35 Keep
70:10 Masonry
70:19 Scale Barding Armor
71:15 Blast Furnace
70:30 Chain Mail Armor
71:04 Siege Engineers
73:27 Chain Barding Armor
73:03 Bodkin Arrow
will
11:21 Feudal Age
12:11 Double-Bit Axe
13:06 Horse Collar
19:37 Castle Age
18:21 Scale Barding Armor
19:13 Forging
19:28 Stone Mining
21:00 Bow Saw
20:57 Heavy Plow
22:58 Stone Shaft Mining
30:19 Wheelbarrow
30:25 Chain Barding Armor
32:14 Hand Cart
32:17 Light Cavalry
33:11 Bloodlines
33:47 Town Watch
36:39 Town Patrol
42:07 Imperial Age
42:48 Elite Steppe Lancer
44:00 Hussar
45:02 Gold Mining
48:23 Elite Mangudai
50:59 Iron Casting
50:32 Padded Archer Armor
51:09 Husbandry
hwdelves
11:03 Feudal Age
12:27 Wheelbarrow
11:58 Double-Bit Axe
15:47 Horse Collar
20:09 Gold Mining
22:52 Castle Age
22:07 Scale Barding Armor
22:13 Forging
22:18 Bloodlines
23:56 Husbandry
28:06 Gold Shaft Mining
35:02 Loom
44:38 Hand Cart
51:51 Imperial Age
51:03 Thumb Ring
53:00 Elite Janissary
58:33 Chain Barding Armor
58:49 Iron Casting
Connection lost

Rejoining the realm…

Still unreachable

The connection could not be restored.

Session expired

The server has moved on; the page needs a fresh start.